 Dungeon Crawl Stone Soup version 0.30.0-18-gc0e69614cb (webtiles) character file.

Game seed: 16427925160554346459

103 growler the Insei (level 4, 0/32 HPs)
             Began as a Merfolk Transmuter on May 25, 2023.
             Slain by Natasha (7 damage)
             ... on level 3 of the Dungeon.
             The game lasted 00:04:55 (2253 turns).

growler the Insei (Merfolk Transmuter)              Turns: 2253, Time: 00:04:55

Health: 0/32       AC:  2    Str: 10    XL:     4   Next: 79%
Magic:  7/8        EV: 12    Int: 14    God:
Gold:   104        SH:  0    Dex: 14    Spells: 3/9 levels left

rFire   . .          .
                       - Unarmed
rCold   . . .        (no shield)
rNeg    . . .        a - +0 robe
rPois   .            (helmet currently unavailable)
rElec   .            (no cloak)
rCorr   .            (no gloves)
SInv    .            (boots currently unavailable)
Will    .....        (no amulet)
Stlth   +            (no ring)
HPRegen 0.25/turn    (no ring)
MPRegen 0.11/turn

%: no passive effects
@: appendages
A: horns 2, (nimble swimmer 2), mertail
a: End Transformation


You were on level 3 of the Dungeon.
You had temporarily grown beastly horns.
You visited 1 branch of the dungeon, and saw 3 of its levels.

You collected 104 gold pieces.

Inventory:

Armour
 a - a +0 robe (worn)
Wands
 n - a wand of polymorph (10)
Scrolls
 d - a scroll of teleportation {unknown}
 e - a scroll of enchant armour {unknown}
 f - a scroll of acquirement {unknown}
 j - a scroll of poison {unknown}
 k - 3 scrolls of identify {unknown}
 m - a scroll of noise {unknown}
Potions
 b - a potion of lignification
 c - 3 potions of curing {unknown}
 g - a potion of cancellation {unknown}
 h - a potion of mutation {unknown}
 i - a potion of degeneration {unknown}
 l - a potion of attraction {unknown}


   Skills:
 - Level 1.1 Fighting
 - Level 2.6 Dodging
 + Level 4.5 Unarmed Combat
 - Level 3.0 Spellcasting
 - Level 4.0 Transmutations


You had 3 spell levels left.
You knew the following spells:

 Your Spells              Type           Power      Damage    Failure   Level
a - Beastly Appendage     Tmut           26%        N/A       4%          1
b - Wereblood             Tmut           13%        N/A       6%          2
c - Spider Form           Tmut/Pois      7%         N/A       28%         3

Your spell library contained the following spells:

 Spells                   Type           Power      Damage    Failure   Level
 Ice Form                 Ice/Tmut       7%         N/A       67%         4
 Summon Lightning Spire   Summ/Air       2%         N/A       91%         4
 Storm Form               Tmut/Air       3%         N/A       100%        7
 Maxwell's Capacitive Co  Air            1%         ∞         100%        8
 Chain Lightning          Conj/Air       1%         3d1       100%        9
 Fire Storm               Conj/Fire      1%         7d1       100%        9
 Shatter                  Erth           1%         3d5*      100%        9


Dungeon Overview and Level Annotations

Branches:
Dungeon (3/15)

Altars:

Annotations:
D:3 1 runed translucent door, BlasphemerAmon's ghost, amateur GnRe; Natasha


Innate Abilities, Weirdness & Mutations

You have temporarily grown beastly horns.
((You are very nimble when in or above water. (Stealth+, EV+, Speed+++)))
Your lower body shifts to a powerful aquatic tail in water.


Message History

Found a stone staircase leading up.
You see here a +0 spear.
You see here a +0 spear.
A worm comes into view.
You grow a pair of large bovine horns.
Your transformation is almost over.
The worm bites you.
You hit the worm. Your headbutt misses the worm.
The worm is moderately wounded.
You hit the worm. You headbutt the worm!
The worm is almost dead.
The worm bites you.
You hit the worm.
You kill the worm!
No target in view!
Your horns disappear.
Natasha, Servant of Life and Death comes into view.
Natasha is nearby!
You grow a pair of large bovine horns.
Natasha hisses angrily.
Natasha mumbles some strange words.
Natasha drinks a potion.
Natasha seems to speed up.
Natasha barely misses you. The cerulean imp barely misses you.
You closely miss Natasha.
Natasha howls an incantation.
You feel disoriented. Natasha claws you! The cerulean imp closely misses you.
You miss Natasha. You headbutt Natasha.
Natasha is heavily wounded.
Natasha claws you! Natasha claws you. The cerulean imp closely misses you.
You hit Natasha.
Natasha is heavily wounded.
Natasha claws you.
* * * LOW HITPOINT WARNING * * *
The cerulean imp barely misses you.
You closely miss Natasha.
Natasha is heavily wounded.
Natasha mumbles some strange words.
Natasha claws you!
You die...

#.#### ##..........
#....# ##..#.#######
####.###..##.#
#.##..###.# #.>..##
#.# ##.### #.# #.#
#.# .##########.# #.#
.......?5@h5# #.#
#####..##########.#
...#..#..........#
#####.#..#.##########
...........#
######.#### #†# ..#
####


You could see Natasha (fast) and 2 cerulean imps.

Vanquished Creatures
  Natasha (D:3)
  An adder (D:3)
  3 worms
  A dart slug (D:1)
  7 ball pythons
  7 endoplasms
  4 goblins
  8 hobgoblins
  2 quokkas
  10 bats
  A frilled lizard (D:1)
  7 kobolds
  5 rats
57 creatures vanquished.

Notes
Turn   | Place    | Note
-------+----------+-------------------------------------------
     0 | D:1      | growler the Merfolk Transmuter began the quest for the Orb.
     0 | D:1      | Reached XP level 1. HP: 15/15 MP: 3/3
   143 | D:1      | Reached XP level 2. HP: 21/21 MP: 1/5
   187 | D:1      | Learned a level 2 spell: Wereblood
   499 | D:1      | Reached XP level 3. HP: 22/26 MP: 4/6
   505 | D:1      | Learned a level 3 spell: Spider Form
  1629 | D:3      | Reached XP level 4. HP: 31/32 MP: 6/8
  1990 | D:3      | Found a runed translucent door.
  1991 | D:3      | Noticed BlasphemerAmon's ghost (amateur GnRe)
  2043 | D:3      | Noticed Natasha
  2052 | D:3      | Killed Natasha
  2246 | D:3      | Noticed Natasha
  2253 | D:3      | Slain by Natasha

Illustrated notes

Levels and vault maps discovered:
D:1:      wander_arrival_estate, layout_loops_ring, minmay_distorted
D:2:      layout_basic, chequers_serial_rivers_large_b, grunt_decor_one_mirror,
          minmay_octomino_j4
D:3:      layout_basic, gammafunk_ghost_grave, uniq_natasha

Skill      XL: |  1  2  3  4 |
---------------+-------------+-----
Transmutations | 3 4 |  4.0
Unarmed Combat | 4 |  4.5
Spellcasting   | 3 |  3.0
Fighting       | |  1.1
Dodging        | |  2.6

Action                     |  1- 3 |  4- 6 || total
---------------------------+-------+-------++-------
  Melee: Unarmed           |   120 |    41 ||   161
         Headbutt          |    26 |     6 ||    32
         Punch             |     1 |       ||     1
   Cast: Beastly Appendage |    31 |     7 ||    38
         Wereblood         |     1 |       ||     1
   Stab: Sleeping          |     1 |       ||     1
 Armour: Robe              |    31 |     4 ||    35
  Dodge: Dodged            |    71 |    22 ||    93
